 Dungeon Crawl Stone Soup version 0.20.0-8-g6b59dc7 (webtiles) character file.

389 MTVSty1e the Cutter (level 6, -3/48 HPs)
             Began as a Vampire Assassin on June 1, 2017.
             Slain by an ogre
             ... wielding a +0 giant club
              (16 damage)
             ... on level 4 of the Dungeon.
             The game lasted 00:07:17 (4195 turns).

MTVSty1e the Cutter (Vampire Assassin)              Turns: 4195, Time: 00:07:18

Health: -3/48      AC:  4    Str: 11    XL:     6   Next: 50%
Magic:  6/6        EV: 11    Int: 13    God:
Gold:   167        SH:  0    Dex: 17    Spells: 5/5 levels left

rFire    . . .     SeeInvis +   i - +1 dagger (flame)
rCold    . . .     Gourm    .   (no shield)
rNeg     + . .     Faith    .   p - +0 leather armour
rPois    .         Spirit   .   (no helmet)
rElec    .         Reflect  .   d - +0 cloak
rCorr    .         Harm     .   (no gloves)
MR       +....                  (no boots)
Stlth    +++.......             (no amulet)
Regen    0.2/turn               j - ring of protection from magic
MPRegen  0.1/turn               (no ring)

@: flying
A: fangs 3, see invisible, unbreathing
a: Bat Form


You were on level 4 of the Dungeon.
You were not thirsty.

You visited 1 branch of the dungeon, and saw 4 of its levels.

You collected 167 gold pieces.

Inventory:

Hand Weapons
 a - a +2 dagger
 b - a +0 blowgun
 i - a +1 dagger of flaming (weapon)
Missiles
 e - 8 poisoned needles
 f - 2 curare-tipped needles
 k - 8 needles of confusion
Armour
 d - a +0 cloak (worn)
 p - a +0 leather armour (worn)
Jewellery
 j - a ring of protection from magic (left hand)
Wands
 h - a wand of acid (11/15)
Potions
 g - 6 potions of blood
 l - a potion of lignification
 m - 5 potions of curing


   Skills:
 + Level 3.9 Fighting
 * Level 6.4 Short Blades
 - Level 1.5 Throwing
 - Level 1.1 Dodging
 - Level 5.8 Stealth


You had 5 spell levels left.
You didn't know any spells.

Dungeon Overview and Level Annotations

Branches:
Dungeon (4/15)
 Temple: D:4-7

Altars:
Ashenzari
Elyvilon


Innate Abilities, Weirdness & Mutations

You have razor-sharp teeth.
You have supernaturally acute eyesight. (SInv)
You can survive without breathing.


Message History

You hit the ogre. You burn the ogre.
The ogre is lightly wounded.
You barely miss the ogre.
The ogre is lightly wounded.
The ogre hits you with a giant club!
* * * LOW HITPOINT WARNING * * *
It was a potion of flight.
You feel very buoyant.
You fly up into the air.
The ogre closely misses you.
You hit the ogre. You burn the ogre.
The ogre is moderately wounded.
You hit the ogre. You burn the ogre.
The ogre is heavily wounded.
The ogre barely misses you.
You hit the ogre. You burn the ogre.
The ogre is severely wounded.
You completely miss the ogre. Your bite misses the ogre.
The ogre is severely wounded.
The ogre hits you with a giant club!
You die...

#.# #.# #.# #%#
### #.# #.# #..
... #.# #.# #.#
#.# #.# #.# #.#<#
#.# ###.#####.#
#.#.# #.#
#.O.......#
#.#.####.####.#@#
#.#...........#.#
#.######.######.#
#.# #.# #....#
#.######.# #.####
##........# #.#
...######## #.#
##.# #.# ...# #.#


You could see an ogre.

Vanquished Creatures
  A phantom (D:4)
  An ogre (D:4)
  An orc wizard (D:3)
  A worker ant (D:4)
  6 adders
  3 oozes
  A worm (D:3)
  A dart slug (D:1)
  3 leopard geckos
  6 orcs
  4 ball pythons
  12 bats
  4 giant cockroaches
  9 goblins
  3 hobgoblins
  3 jackals (D:2)
  3 quokkas
  10 frilled lizards
  8 kobolds
  A quokka skeleton (D:4)
  9 rats
90 creatures vanquished.

Notes
Turn   | Place    | Note
-------+----------+-------------------------------------------
     0 | D:1      | MTVSty1e the Vampire Assassin began the quest for the Orb.
     0 | D:1      | Reached XP level 1. HP: 16/16 MP: 1/1
     6 | D:1      | Noticed a four-headed hydra
     6 | D:1      | Noticed a wolf
     6 | D:1      | Noticed a polar bear
     7 | D:1      | Noticed a salamander
   249 | D:1      | Reached XP level 2. HP: 22/22 MP: 2/2
   270 | D:1      | Found a shattered altar of Ashenzari.
   280 | D:1      | Reached skill level 3 in Short Blades
   715 | D:1      | Reached XP level 3. HP: 27/27 MP: 3/3
   954 | D:2      | Found a white marble altar of Elyvilon.
  1522 | D:2      | Reached skill level 4 in Short Blades
  1610 | D:2      | Reached XP level 4. HP: 34/34 MP: 4/4
  2903 | D:3      | Reached XP level 5. HP: 31/41 MP: 5/5
  2912 | D:3      | Reached skill level 5 in Short Blades
  3464 | D:4      | Noticed an ogre
  3690 | D:4      | Noticed a phantom
  3743 | D:4      | Killed a phantom
  3743 | D:4      | Reached XP level 6. HP: 9/47 MP: 6/6
  4119 | D:4      | Reached skill level 6 in Short Blades
  4195 | D:4      | Slain by an ogre

Skill      XL: |  1  2  3  4  5  6 |
---------------+-------------------+-----
Short Blades   | 3 4 5 6 |  6.4
Fighting       | 2 3 |  3.9
Throwing       | |  1.5
Dodging        | |  1.1
Stealth        | |  5.8

Action                   |  1- 3 |  4- 6 || total
-------------------------+-------+-------++-------
Melee: Dagger            |   117 |   191 ||   308
       Bite              |     4 |    18 ||    22
  Use: Potion            |     2 |     9 ||    11
       Scroll            |       |     6 ||     6
 Stab: Sleeping          |     7 |    13 ||    20
Armor: Robe              |    22 |    20 ||    42
       Leather armour    |       |     4 ||     4
Dodge: Dodged            |    75 |    74 ||   149
